 Dungeon Crawl Stone Soup version 0.27-a0-1416-g941b2bd30b (webtiles) character file.

Game seed: 11844271546845280977

247 pyrow613 the Poker (level 5, 0/45 HPs)
             Began as a Demigod Fighter on July 1, 2021.
             Slain by an orc wizard (1 damage)
             ... on level 3 of the Dungeon.
             The game lasted 00:05:50 (2931 turns).

pyrow613 the Poker (Demigod Fighter)                Turns: 2931, Time: 00:05:50

Health: 0/45       AC:  6    Str: 21    XL:     5   Next: 54%
Magic:  7/7        EV:  9    Int: 10    God:
Gold:   209        SH:  0    Dex: 13    Spells: 4/4 levels left

rFire    . . .     SeeInvis .   o - +0 spear
rCold    . . .     Faith    .   (no shield)
rNeg     . . .     Spirit   .   j - +0 scale mail
rPois    .         Reflect  .   (no helmet)
rElec    .         Harm     .   (no cloak)
rCorr    .         Rampage  .   (no gloves)
Will     .....                  (no boots)
Stlth    ..........             (no amulet)
HPRegen  0.15/turn              (no ring)
MPRegen  0.10/turn              (no ring)

@: no status effects
A: high mp 1, forlorn
a: no special abilities


You were on level 3 of the Dungeon.
You visited 1 branch of the dungeon, and saw 3 of its levels.

You collected 209 gold pieces.

Inventory:

Hand Weapons
 a - a +0 trident
 b - a +0 hunting sling
 o - a +0 spear (weapon)
Missiles
 e - 91 stones (quivered)
 f - 14 poisoned darts
Armour
 c - a +0 kite shield
 j - a +0 scale mail (worn)
Wands
 k - a wand of polymorph (7)
 l - a wand of flame (23)
Scrolls
 i - a scroll of vulnerability {unknown}
 m - a scroll of identify {unknown}
 n - a scroll of silence {unknown}
Potions
 d - 2 potions of might
 g - a potion of curing {unknown}
 h - 2 potions of brilliance {unknown}


   Skills:
 + Level 3.5 Fighting
 * Level 5.1 Polearms
 - Level 2.6 Armour
 - Level 2.7 Shields


You had 4 spell levels left.
You didn't know any spells.
Your spell library contained the following spells:

 Spells                   Type           Power      Damage    Failure   Level
 Apportation              Tloc           0%         N/A       71%         1
 Alistair's Intoxication  Tmut/Pois      0%         N/A       100%        5
 Invisibility             Hex            0%         N/A       100%        6


Dungeon Overview and Level Annotations

Branches:
Dungeon (3/15)

Shops:
D:2 [


Innate Abilities, Weirdness & Mutations

Your attributes grow dramatically as you level up.
You have an increased reservoir of magic. (+10% MP)
You shall have no god before yourself.


Message History

Beogh smites you!
* * * LOW HITPOINT WARNING * * *
The orc barely misses you.
Reach: o) +0 spear
Press: ? - help, Dir - move target, f/p - orc priest
Aim: an orc priest, wielding a +0 mace (almost dead, about 37% to evade your +0 spear)
You hit the orc priest.
You kill the orc priest!
Your Polearms skill increases to level 5!
You are too injured to fight recklessly!
You hit the orc.
The orc is severely wounded.
The orc closely misses you.
An orc wizard comes into view. It is wielding a +0 dagger.
You hit the orc.
You kill the orc!
The orc wizard hits you with a +0 dagger.
* * * LOW HITPOINT WARNING * * *
Things that are here:
a +0 flail; a +0 leather armour You hit the orc wizard.
The orc wizard is moderately wounded.
The orc wizard points at you and mumbles some strange words.
The magic dart hits you.
* * * LOW HITPOINT WARNING * * *
You hit the orc wizard.
The orc wizard is heavily wounded.
The orc wizard casts a spell at you. The magic dart hits you.
* * * LOW HITPOINT WARNING * * *
You miss the orc wizard.
The orc wizard is heavily wounded.
You hit the orc wizard but do no damage.
The orc wizard is heavily wounded.
The orc wizard points at you and mumbles some strange words.
The puff of flame misses you.
You hit the orc wizard but do no damage.
The orc wizard is heavily wounded.
The orc wizard hits you with a +0 dagger.
You die...

. #..........
.. ####.##.##.
...# #.##.###
.oo. #.##.##.
#.o#####
#.##.##.
#.....o#
#.##.##.
#.####.#
#.......
#.o.##.##
#####...
......#@)...#
#... ..###
####..# #..#
#.####..# #..†
#.......# #...
#######†# ##..
#.##### #..
#.....# #..
#.....######..
#.##..........


You could see an orc wizard.

Vanquished Creatures
  A necrophage (D:3)
  An orc priest (D:3)
  An orc wizard (D:3)
  3 adders
  A dart slug (D:2)
  6 orcs
  2 ball pythons (D:1)
  9 bats
  4 endoplasms
  4 goblins
  5 hobgoblins
  15 jackals
  3 quokkas
  6 frilled lizards
  3 kobolds
  5 rats
69 creatures vanquished.

Vanquished Creatures (others)
  2 plants (D:1)
2 creatures vanquished.

Grand Total: 71 creatures vanquished

Notes
Turn   | Place    | Note
-------+----------+-------------------------------------------
     0 | D:1      | pyrow613 the Demigod Fighter began the quest for the Orb.
     0 | D:1      | Reached XP level 1. HP: 18/18 MP: 3/3
    83 | D:1      | Reached skill level 2 in Polearms
   208 | D:1      | Reached XP level 2. HP: 22/25 MP: 4/4
   573 | D:1      | Reached skill level 3 in Polearms
   953 | D:2      | Found Dositois's Armour Emporium.
   973 | D:2      | Reached XP level 3. HP: 30/30 MP: 5/5
  2115 | D:3      | Reached skill level 4 in Polearms
  2144 | D:3      | Reached XP level 4. HP: 19/37 MP: 6/6
  2577 | D:3      | Noticed a necrophage
  2591 | D:3      | Killed a necrophage
  2592 | D:3      | Reached XP level 5. HP: 38/45 MP: 7/7
  2924 | D:3      | Reached skill level 5 in Polearms
  2927 | D:3      | HP: 2/45 [orc wizard/magic dart (2)]
  2931 | D:3      | Slain by an orc wizard

Illustrated notes

Levels and vault maps discovered:
D:1:      evilmike_arrival_hilbert_curve, layout_basic, serial_bayou_lagoon_a
D:2:      layout_basic, serial_shops, shop
D:3:      layout_loops_cross, old_standard_altar

Skill      XL: |  1  2  3  4  5 |
---------------+----------------+-----
Polearms       | 2 3 4 5 |  5.1
Fighting       | 3 |  3.5
Armour         | |  2.6
Shields        | |  2.7

Action                   |  1- 3 |  4- 6 || total
-------------------------+-------+-------++-------
Melee: Trident           |   155 |    12 ||   167
       Whip              |    18 |       ||    18
       Spear             |       |    50 ||    50
 Fire: Hunting sling     |       |     1 ||     1
Armor: Scale mail        |    75 |    25 ||   100
Dodge: Dodged            |    72 |    32 ||   104
Block: Kite shield       |    25 |       ||    25

Table legend: (Time is in decaauts)
 A = Elapsed time spent in this place.
 B = Non-inter-level travel time spent in this place.
 C = Inter-level travel time spent in this place.
 D = Time resting spent in this place.
 E = Time spent auto-exploring this place.
 F = Levels seen in this place.
 G = Mean time per level.
                   A        B        C        D        E       F      G
               +--------+--------+--------+--------+--------+-----+--------+
         Total |   2966 |   2927 |     39 |    804 |   1631 |   3 |  988.7 |
       Dungeon |   2966 |   2927 |     39 |    804 |   1631 |   3 |  988.7 |
               +--------+--------+--------+--------+--------+-----+--------+

Top non-repeatable levels by time:
     D:2: 1111 daAuts
     D:1: 986 daAuts
     D:3: 868 daAuts
